 Dungeon Crawl Stone Soup version 0.20-a0-823-gdec668e (webtiles) character file.

67818 pichaelthompson the Cruncher (level 14, 0/138 HPs)
             Began as a Demonspawn Berserker on Mar 3, 2017.
             Was the Champion of Trog.
             Slain by a starspawn tentacle (2 damage)
             ... attached to a tentacled starspawn
             ... on level 1 of the Abyss on Mar 5, 2017.
             The game lasted 02:33:13 (27561 turns).

pichaelthompson the Cruncher (DsBe)                Turns: 27561, Time: 02:33:13

Health: 0/138      AC: 28    Str: 27    XL:     14   Next: 84%
Magic:  14/14      EV: 27    Int:  8    God:    Trog [******]
Gold:   2012       SH:  0    Dex: 19    Spells: 13/13 levels left

rFire    + . .     SeeInvis .   f - +8 quarterstaff "Xaluizam" {vamp, rN+}
rCold    . . .     Gourm    .   K - +5 ring mail {rF+}
rNeg     + . .     Faith    +   (shield currently unavailable)
rPois    +         Spirit   .   g - +1 helmet
rElec    .         Reflect  .   D - +2 cloak {rPois}
rCorr    +         Harm     .   (gloves unavailable)
MR       +....                  F - +0 pair of boots
Stlth    ..........             r - amulet of faith
Regen    0.0/turn               u - ring of resist corrosion
MPRegen  0.2/turn               N - +6 ring of evasion

@: agile, berserking, sanguine armour, non-regenerating, mildly diseased,
constricted, very quick
A: claws 3, frail 2, powered by pain 3, subdued magic 2, sanguine armour 2
a: Berserk, Trog's Hand, Brothers in Arms, Burn Spellbooks, Renounce Religion


You were on level 1 of the Abyss.
You worshipped Trog.
Trog was exalted by your worship.
You were near starving.

You visited 3 branches of the dungeon, and saw 19 of its levels.
You visited the Abyss 1 time.
You also visited: Labyrinth and Volcano.

You collected 2214 gold pieces.
You spent 202 gold pieces at shops.

Inventory:

Hand Weapons
 f - the +8 quarterstaff "Xaluizam" (weapon) {vamp, rN+}
   (Trog gifted it to you on level 8 of the Dungeon)

   It inflicts no extra harm, but heals its wielder when it wounds a living foe.
   It protects you from negative energy.
Armour
 g - a +1 helmet (worn)
 D - a +2 cloak of poison resistance (worn)
 F - a +0 pair of boots (worn)
 K - a +5 ring mail of fire resistance (worn)
 Q - the +0 chain mail of Analysis {Dex+4}
   (You found it on level 1 of the Abyss)

   It affects your dexterity (+4).
Jewellery
 r - an amulet of faith (around neck)
 u - a ring of resist corrosion (right claw)
 J - an uncursed ring of poison resistance
 N - a +6 ring of evasion (left claw)
Wands
 a - a wand of confusion (7/48)
 h - a wand of iceblast (7/15)
 o - a wand of digging (16/24)
 w - a wand of lightning (8/15)
 z - a wand of digging (13/24)
 A - a wand of digging (0/24)
 E - a wand of paralysis (6/24)
 G - a wand of lightning (12/15)
 H - a wand of acid (9/15)
 I - a wand of random effects (41/48)
 L - a wand of digging (0/24)
 R - a wand of lightning (7/15)
 U - a wand of lightning (4/15)
Scrolls
 d - 3 scrolls of teleportation
 e - a scroll of enchant weapon
 i - 3 scrolls of remove curse
 s - a scroll of summoning
 v - 5 scrolls of blinking
 y - a scroll of silence
 M - a scroll of fog {unknown}
 P - a scroll of fear
 T - a scroll of recharging {unknown}
Potions
 b - 6 potions of brilliance
 j - a potion of magic
 k - 5 potions of mutation
 l - 3 potions of flight
 m - 6 potions of curing
 n - a potion of heal wounds
 q - 3 potions of invisibility
 t - a potion of haste
 x - a potion of resistance
 B - 2 potions of cancellation
 O - a potion of berserk rage
 V - a potion of might
 W - a potion of lignification
Miscellaneous
 C - a phial of floods
 S - a lightning rod (4/4)
Comestibles
 c - 9 bread rations
 p - 46 fruits


   Skills:
 + Level 12.4 Fighting
   Level 8.6(12.3) Polearms
 + Level 14.0(14.8) Staves
 + Level 0.5 Throwing
 + Level 8.7 Armour
 + Level 10.4 Dodging
 + Level 6.2 Stealth
 + Level 0.6 Evocations


You had 13 spell levels left.
You didn't know any spells.

Dungeon Overview and Level Annotations

Branches:
Dungeon (12/15)            Temple (0/1) D:4            Lair (5/6) D:10
  Swamp (0/4) Lair:3       Spider (0/4) Lair:3          Orc (2/2) D:11
    Elf (0/3) Orc:2
  Slime: Lair:5-6

Altars:
Ashenzari
Cheibriados
Elyvilon
Gozag
Nemelex Xobeh
Okawaru
Qazlal
Ru
Wu Jian
Xom
Zin

Shops:
Orc:1 ?   Orc:2 [:*(

Annotations:
Lair:5 exclusion: ice statue


Innate Abilities, Weirdness & Mutations

You have claws for hands.
You are powered by pain.
When seriously injured, your bleeding wounds create thick armour. (AC +9)
[You are very frail. (-20% HP)]
[Your spells are easier to cast, but less powerful.]


Message History

The tentacled starspawn is moderately damaged.
Tentacles burst from the starspawn's body! 2 starspawn tentacles come into view.
You hit the tentacled starspawn.
The tentacled starspawn is moderately damaged.
The tentacled starspawn bites you!
* * * LOW HITPOINT WARNING * * *
The tentacled starspawn engulfs you.
* * * LOW HITPOINT WARNING * * *
A red film seems to cover your vision as you go berserk!
You feel yourself moving faster!
You feel mighty!
You are near starving!
The starspawn tentacle completely misses you.
The tentacled starspawn bites you!!
* * * LOW HITPOINT WARNING * * *
The tentacled starspawn closely misses you.
You bludgeon the tentacled starspawn!!
The tentacled starspawn is heavily damaged.
The starspawn tentacle grabs you.
You die...

.. .#.
.# .. ..
..# . ..
..# #. .
..#
#.#.##.
#.#..#
#...#
#..#
##@#
#.wX..#
#.#w#..#
#. ##
##.# #.
.# #. .
. . ..


You could see a tentacled starspawn and 2 starspawn tentacles.

Vanquished Creatures
  An orc warlord (Orc:1)
  The ghost of Captinkiss the Arsonist, a journeyman DrFE of Vehumet (Lair:2)
  Snorg (D:10)
  A fire dragon (Lair:1)
  The ghost of mooimagoat the Basher, a journeyman GrMo of Wu Jian (Orc:1)
  Erolcha (Orc:2)
  Harold (D:11)
  A catoblepas (Lair:2)
  2 hydras
  6 two-headed ogres
  A thrashing horror (Abyss:1)
  Sonja (Lair:4)
  A sun demon (Volcano)
  A sixfirhy (Abyss:1)
  2 wretched stars (Abyss:1)
  The ghost of dirge the Thaumaturge, a novice DENe of Vehumet (Lair:2)
  3 unseen horrors
  5 orc knights
  An oklob plant (Lair:2)
  3 orc sorcerers
  An ugly thing (D:12)
  A cyclops (D:12)
  2 manticores
  10 elephants
  Maurice (D:8)
  2 black mambas
  A large abomination (Abyss:1)
  2 molten gargoyles (Volcano)
  A torpor snail (Lair:3)
  8 spiny frogs
  3 centaur skeletons
  2 gargoyles
  4 komodo dragons
  3 rime drakes
  A komodo dragon (shapeshifter) (D:12)
  An ancient zyme (Abyss:1)
  3 red devils (Volcano)
  5 trolls
  4 jumping spiders (Lair:3)
  A wind drake (shapeshifter) (D:12)
  A hornet (D:10)
  2 polar bears (Lair:5)
  2 dream sheep (D:8)
  9 hippogriffs
  22 blink frogs
  A spriggan (Lair:4)
  A ynoxinul (Abyss:1)
  The ghost of Akrius the Skirmisher, an amateur OgGl (D:4)
  3 shadows
  5 redbacks
  6 basilisks
  21 yaks
  A fire bat (Volcano)
  2 neqoxecs (Abyss:1)
  A hungry ghost (D:11)
  2 chaos spawn (Abyss:1)
  10 wargs
  A hell hound (Volcano)
  10 water moccasins
  12 porcupines
  36 orc warriors
  3 sky beasts
  10 ice beasts
  4 black bears
  2 phantoms
  31 centaurs
  7 wolves
  13 ogres
  10 crocodiles
  4 big kobolds (D:8)
  13 bullfrogs
  A gnoll sergeant (D:6)
  An earth elemental (Lab)
  26 killer bees
  6 scorpions
  A howler monkey (D:6)
  4 wights (D:9)
  A vampire bat (Orc:2)
  A bullfrog zombie (D:7)
  4 lava snakes (Volcano)
  3 crimson imps
  2 quasits
  7 jellies
  4 small abominations (Abyss:1)
  An iron imp (Abyss:1)
  8 hounds
  12 orc priests
  24 orc wizards
  An iguana (D:9)
  Natasha (twice) (D:3)
  3 worker ants
  2 hound zombies
  3 worker ant zombies
  19 adders
  6 gnolls
  4 shadow imps
  3 oozes
  2 adder zombies
  An adder skeleton (D:7)
  2 worms
  4 dart slugs
  6 leopard geckos
  92 orcs
  3 ball pythons
  15 bats
  11 giant cockroaches
  9 goblins
  6 hobgoblins
  14 jackals
  4 quokkas
  6 frilled lizards
  10 kobolds
  A leopard gecko skeleton (D:4)
  A quokka skeleton (D:4)
  2 quokka zombies
  7 rats
  2 bushes
  A fungus (Lair:3)
  7 plants
692 creatures vanquished.

Vanquished Creatures (others)
  An orc (Orc:2)
  9 fungi
  2 plants
12 creatures vanquished.

Grand Total: 704 creatures vanquished

Notes
Turn   | Place    | Note
-------+----------+-------------------------------------------
     0 | D:1      | pichaelthompson the Demonspawn Berserker began the quest for the Orb.
     0 | D:1      | Reached XP level 1. HP: 18/18 MP: 1/1
   135 | D:1      | Gained mutation: You have sharp fingernails. [demonic ancestry]
   135 | D:1      | Reached XP level 2. HP: 17/24 MP: 2/2
   892 | D:1      | Gained mutation: You sometimes gain a little power by taking damage. [demonic ancestry]
   892 | D:1      | Reached XP level 3. HP: 26/29 MP: 3/3
  1151 | D:2      | Found an iron altar of Okawaru.
  1160 | D:2      | Reached ** piety under Trog
  1290 | D:2      | Gained mutation: You have very sharp fingernails. [demonic ancestry]
  1290 | D:2      | Reached XP level 4. HP: 34/35 MP: 4/4
  1602 | D:2      | Found a shattered altar of Ashenzari.
  2225 | D:3      | Reached XP level 5. HP: 34/41 MP: 5/5
  2433 | D:3      | Found a sparkling altar of Nemelex Xobeh.
  2519 | D:3      | Reached *** piety under Trog
  2826 | D:3      | Noticed Natasha
  2836 | D:3      | Killed Natasha
  2923 | D:3      | Noticed Natasha
  2936 | D:3      | Killed Natasha
  2936 | D:3      | Gained mutation: When seriously injured, your bleeding wounds create armour. (AC +9) [demonic ancestry]
  2936 | D:3      | Reached XP level 6. HP: 26/48 MP: 6/6
  3175 | D:4      | Noticed Akrius's ghost (amateur OgGl)
  3191 | D:4      | Killed Akrius's ghost
  3191 | D:4      | Reached skill level 5 in Polearms
  3413 | D:4      | Reached skill level 1 in Stealth
  3413 | D:4      | Reached XP level 7. HP: 53/54 MP: 7/7
  3451 | D:4      | Found a staircase to the Ecumenical Temple.
  3748 | D:5      | Entered Level 5 of the Dungeon
  3934 | D:5      | Reached **** piety under Trog
  4040 | D:5      | Found a white marble altar of Elyvilon.
  4051 | D:5      | Found a shimmering altar of Xom.
  4770 | D:6      | Gained mutation: When seriously injured, your bleeding wounds create thick armour. (AC +9) [demonic ancestry]
  4770 | D:6      | Reached XP level 8. HP: 51/61 MP: 8/8
  5052 | D:6      | Reached skill level 5 in Fighting
  5343 | D:6      | You fall through a shaft for 2 floors!
  5343 | D:8      | Found a stormy altar of Qazlal.
  5634 | D:7      | Reached skill level 5 in Dodging
  5659 | D:7      | Noticed a hippogriff
  5668 | D:7      | Killed a hippogriff
  5681 | D:7      | Reached ***** piety under Trog
  5681 | D:7      | Reached XP level 9. HP: 69/69 MP: 9/9
  5717 | D:6      | Found a sacrificial altar of Ru.
  6123 | D:7      | Received a gift from Trog
  6533 | D:7      | Found a glowing silver altar of Zin.
  6533 | D:7      | Found a snail-covered altar of Cheibriados.
  6675 | D:8      | Noticed a two-headed ogre
  6691 | D:8      | Killed a two-headed ogre
  6691 | D:8      | Reached skill level 5 in Armour
  6702 | D:8      | Received a gift from Trog
  6705 | D:8      | Got a translucent quarterstaff {god gift}
  6715 | D:8      | Identified the +8 quarterstaff "Xaluizam" {vamp, rN+} (Trog gifted it to you on level 8 of the Dungeon)
  6728 | D:8      | Found an ornate altar of the Wu Jian Council.
  6730 | D:8      | Noticed a two-headed ogre
  6746 | D:8      | Killed a two-headed ogre
  6746 | D:8      | Gained mutation: You sometimes gain power by taking damage. [demonic ancestry]
  6746 | D:8      | Reached XP level 10. HP: 67/77 MP: 10/10
  6955 | D:8      | Reached skill level 1 in Staves
  6973 | D:8      | Reached skill level 2 in Staves
  7020 | D:8      | Noticed a three-headed hydra
  7027 | D:8      | Killed a three-headed hydra
  7027 | D:8      | Reached skill level 3 in Staves
  7181 | D:8      | Reached skill level 4 in Staves
  7406 | D:8      | Noticed Maurice
  7478 | D:8      | Killed Maurice
  7852 | D:9      | Reached skill level 5 in Staves
  7976 | D:9      | Noticed a two-headed ogre
  7988 | D:9      | Killed a two-headed ogre
  8052 | D:9      | Gained mutation: You have claws for hands. [demonic ancestry]
  8052 | D:9      | Reached XP level 11. HP: 81/86 MP: 11/11
  8062 | D:9      | Reached skill level 6 in Staves
  8182 | D:9      | Noticed a two-headed ogre
  8191 | D:9      | Killed a two-headed ogre
  8589 | D:10     | Entered Level 10 of the Dungeon
  8682 | D:10     | Received a gift from Trog
  9022 | D:10     | Reached skill level 7 in Staves
  9097 | D:10     | Noticed Snorg
  9108 | D:10     | Killed Snorg
  9568 | D:10     | Killed an unseen horror
  9758 | D:10     | Found a staircase to the Lair.
 10497 | D:11     | Reached skill level 8 in Staves
 10549 | D:11     | Noticed Harold
 10561 | D:11     | Killed Harold
 10597 | D:11     | Found a staircase to the Orcish Mines.
 10754 | D:11     | Noticed a two-headed ogre
 10764 | D:11     | Killed a two-headed ogre
 10764 | D:11     | Reached XP level 12. HP: 96/96 MP: 12/12
 10879 | Orc:1    | Entered Level 1 of the Orcish Mines
 10879 | Orc:1    | Noticed mooimagoat's ghost (journeyman GrMo)
 10919 | Orc:1    | Noticed a two-headed ogre
 10945 | Orc:1    | Killed mooimagoat's ghost
 10945 | Orc:1    | Reached skill level 9 in Staves
 10949 | Orc:1    | Killed a two-headed ogre
 11508 | Orc:2    | Entered Level 2 of the Orcish Mines
 11594 | Orc:2    | Received a gift from Trog
 11649 | Orc:2    | Noticed Erolcha
 11662 | Orc:2    | Killed Erolcha
 11842 | Orc:2    | Reached skill level 10 in Fighting
 12473 | Orc:1    | Reached skill level 5 in Stealth
 12797 | Orc:1    | Reached skill level 10 in Staves
 13869 | Orc:2    | Noticed an orc warlord
 13933 | Orc:1    | Killed an orc warlord
 13955 | Orc:1    | Reached skill level 11 in Staves
 14170 | Orc:1    | Reached ****** piety under Trog
 14170 | Orc:1    | Gained mutation: You are powered by pain. [demonic ancestry]
 14170 | Orc:1    | Reached XP level 13. HP: 68/104 MP: 13/13
 14358 | Orc:1    | Found Tylew's Magic Scroll Emporium.
 14389 | Orc:1    | Bought a scroll of enchant weapon for 112 gold pieces
 14389 | Orc:1    | Bought a scroll of identify for 30 gold pieces
 14389 | Orc:1    | Bought a scroll of identify for 30 gold pieces
 14389 | Orc:1    | Bought a scroll of identify for 30 gold pieces
 14891 | Orc:2    | Found a staircase to the Elven Halls.
 15259 | Orc:2    | Found Xas Hiku's Book Shoppe.
 15259 | Orc:2    | Found Neygofoj's General Store.
 15261 | Orc:2    | Found Loaga's Weapon Shop.
 15263 | Orc:2    | Found Hesor's Antique Armour Emporium.
 15670 | D:12     | Received a gift from Trog
 15682 | D:12     | Found a shimmering altar of Xom.
 17315 | Lair:1   | Entered Level 1 of the Lair of Beasts
 17888 | Lair:1   | Noticed a fire dragon
 17904 | Lair:1   | Killed a fire dragon
 17904 | Lair:1   | Received a gift from Trog
 18038 | Lair:1   | Reached skill level 12 in Staves
 18506 | Lair:2   | Upgraded the game from 0.20-a0-809-gaf7f668 to 0.20-a0-823-gdec668e
 18681 | Lair:2   | Noticed dirge's ghost (novice DENe)
 18745 | Lair:2   | Noticed Captinkiss's ghost (journeyman DrFE)
 18766 | Lair:2   | Killed Captinkiss's ghost
 19327 | Lair:2   | Killed dirge's ghost
 20050 | Lair:3   | Found a dark tunnel.
 20061 | Volcano  | Entered a volcano
 20287 | Volcano  | Received a gift from Trog
 20295 | Volcano  | Got an encrusted quarterstaff {god gift}
 20296 | Volcano  | Identified the +8 quarterstaff "Erisiurr" {venom, rPois SInv} (Trog gifted it to you in a volcano)
 20504 | Volcano  | Found a burning altar of Makhleb.
 20535 | Volcano  | Reached XP level 14. HP: 36/113 MP: 14/14
 20707 | Volcano  | Paralysed by an orc sorcerer for 5 turns
 21286 | Lair:3   | Reached skill level 13 in Staves
 21557 | Lair:3   | Reached skill level 10 in Dodging
 21841 | Lair:3   | Found a staircase to the Swamp.
 21892 | Lair:3   | Found an opulent altar of Gozag.
 21928 | Lair:3   | Found a hole to the Spider Nest.
 22266 | Lair:4   | Noticed Sonja
 22279 | Lair:4   | Killed Sonja
 22466 | Lair:4   | Received a gift from Trog
 23962 | Lair:5   | Found a labyrinth entrance.
 23972 | Lab      | Entered a labyrinth
 24863 | Lab      | Found an exit through the horrors of the Abyss.
 25512 | Lab      | Found an exit through the horrors of the Abyss.
 27232 | Lab      | Found an exit through the horrors of the Abyss.
 27241 | Lab      | Took an exit into the Abyss.
 27241 | Abyss:1  | Escaped into the Abyss
 27290 | Abyss:1  | Got a faintly glowing chain mail
 27361 | Abyss:1  | Identified the cursed +0 chain mail of Analysis {Dex+4} (You found it on level 1 of the Abyss)
 27367 | Abyss:1  | Gained mutation: You tend to lose your temper in combat. [a neqoxec]
 27376 | Abyss:1  | Received a gift from Trog
 27400 | Abyss:1  | Lost mutation: You have an uncontrollable temper. [a neqoxec]
 27446 | Abyss:1  | Reached skill level 14 in Staves
 27553 | Abyss:1  | Noticed a tentacled starspawn
 27560 | Abyss:1  | HP: 2/138 [tentacled starspawn (19)]
 27561 | Abyss:1  | Slain by a starspawn tentacle

Vault maps used:
D:1:      tarquinn_simple_flora_water_f
D:2:      okawaru_gym_becter, lemuel_coloured_pillars_altar
D:3:      nemelex_xobeh_ov_fountains_minmay, uniq_natasha
D:4:      minmay_temple_entry_crystal_x, first_bread
D:5:      amethyst_overflow_temple_binary
D:6:      nicolae_ru_path_of_blood, minmay_misc_feat_diagonals
D:7:      gammafunk_temple_overflow_pools
D:8:      nicolae_overflow_crystal_walls, lemuel_doored_altar, hangedman_ranch,
          corexii_checkpoint_a, uniq_maurice
D:10:     david_lair_shrubbed, uniq_snorg
D:11:     minmay_orc_entry_guard_dogs, uniq_harold
D:12:     basic_altar, minmay_misc_feat_four_crosses
Lair:1:   dragon1_lemuel, serial_bayou_shore_a, lemuel_fruit_fields
Lair:2:   beast_lair_carwin_3, grunt_megastairs_3, serial_bayou_shore_b,
          serial_bayou_shore_b, lemuel_fruit_fields, minmay_lair_oklob_chamber
Lair:3:   swamp_mist, nicolae_spider_entry_tight_spaces,
          lightli_volcano_entry_magma_tube, basic_altar, serial_bayou_pond_b,
          grunt_forest_stairs_basic, lemuel_fruit_tree, serial_bayou_shore_b
Lair:4:   grunt_forest_large_clearing_hut, grunt_megastairs_1, uniq_sonja
Lair:5:   lab_entry_generic, ice2_lemuel, infiniplex_staircase_pool_2
Orc:1:    serial_shops, shop
Orc:2:    st_orc_rangers, roderic_batcave, uniq_erolcha
Abyss:1:  abyss_furniture_001
Lab:      nicolae_lab_grate, nicolae_lab_stuck, nicolae_lab_flowing_pool,
          lab_fountain, nicolae_lab_plus, nicolae_lab_do_over
Volcano:  volcano_lake

Skill      XL: |  1  2  3  4  5  6  7  8  9 10 11 12 13 14 |
---------------+-------------------------------------------+-----
Polearms       | 3 4 5 6 7 8 |  8.6
Dodging        | 2 3 4 5 6 7 8 9 10 | 10.4
Armour         | 2 3 4 5 6 7 8 |  8.7
Fighting       | 4 5 6 8 9 10 11 12 | 12.4
Stealth        | 1 2 3 4 5 6 |  6.2
Staves         | 5 8 11 12 14 | 14.0
Throwing       | |  0.5
Evocations     | |  0.6

Action                   |  1- 3 |  4- 6 |  7- 9 | 10-12 | 13-15 || total
-------------------------+-------+-------+-------+-------+-------++-------
Melee: Spear             |   120 |   255 |   391 |       |       ||   766
       Quarterstaff      |       |       |     6 |   894 |  1295 ||  2195
Throw: Tomahawk          |       |       |       |     3 |       ||     3
Invok: Berserk           |     2 |     5 |     5 |    18 |     6 ||    36
       Burn Spellbooks   |       |       |     2 |     1 |     2 ||     5
Evoke: Wand              |       |       |       |       |     5 ||     5
  Use: Scroll            |       |     6 |       |    14 |    15 ||    35
       Potion            |       |       |       |       |     1 ||     1
 Stab: Sleeping          |       |       |     3 |     5 |     8 ||    16
       Distracted        |       |       |     2 |     1 |       ||     3
  Eat: Chunk             |     2 |    13 |    11 |    22 |    14 ||    62
       Meat ration       |       |       |     2 |     4 |     9 ||    15
       Royal jelly       |       |       |     1 |     5 |     3 ||     9
       Bread ration      |       |       |       |     1 |     1 ||     2
       Fruit             |       |       |       |       |     5 ||     5
Armor: Animal skin       |    21 |       |       |       |       ||    21
       Ring mail         |    33 |   100 |       |   184 |   428 ||   745
       Troll leather arm |       |    27 |   125 |   252 |       ||   404
       Chain mail        |       |       |       |       |     8 ||     8
       Skin              |       |       |       |       |     2 ||     2
Dodge: Dodged            |    89 |   195 |   229 |  1107 |  1246 ||  2866
